| TOP OF THE 1ST |
|
Elmira Pioneers batting - Pitching for Manchester Fisher Cats : RHP Allen Morlock
|
|
Pitching: RHP Allen Morlock
|
|
|
Batting: SHB Alan Regier
|
0-0: Ball 1-0: DOUBLE (Line Drive, 9LS, EV 109.4 MPH)
|
|
Batting: RHB Ron Stinnett
|
0-0: Called Strike 0-1: Ball 1-1: Fly out, F8 (Line Drive, 8RM, EV 91.9 MPH)
|
|
Batting: RHB Frank LaBella
|
0-0: Foul Ball, location: 2F 0-1: Ball 1-1: Called Strike 1-2: Ball 2-2: Strikes out swinging
|
|
Batting: LHB Juan Flores
|
0-0: Ball 1-0: Ball 2-0: Called Strike 2-1: Foul Ball, location: 2F 2-2: Foul Ball, location: 2F 2-2: SINGLE (Groundball, 4MD, EV 105.0 MPH) Alan Regier to third Runner from 3rd tries for Home, SAFE, throw by CF to home
|
|
Batting: RHB Edwin Rodriguez
|
0-0: Ball 1-0: Ball 2-0: Ball 3-0: Called Strike 3-1: Base on Balls Juan Flores to second
|
|
Batting: SHB Michael Reeder
|
0-0: Ball 1-0: Called Strike 1-1: Foul Ball, location: 2F 1-2: Strikes out swinging
|
| Top of the 1st over - 1 run, 2 hits, 0 errors, 2 left on base; Elmira 1 - Manchester 0 |
| BOTTOM OF THE 1ST |
|
Manchester Fisher Cats batting - Pitching for Elmira Pioneers : LHP Bob Patterson
|
|
Pitching: LHP Bob Patterson
|
|
|
Batting: RHB Kevin Darst
|
0-0: Called Strike 0-1: Ground out 5-3 (Groundball, 56S, EV 84.4 MPH)
|
|
Batting: LHB Tim Derryberry
|
0-0: Called Strike 0-1: Swinging Strike 0-2: Strikes out swinging, 2-3 out at first.
|
|
Batting: SHB Stan Javier
|
0-0: Ball 1-0: Ground out 6-3 (Groundball, 6, EV 85.6 MPH)
|
| Bottom of the 1st over - 0 runs, 0 hits, 0 errors, 0 left on base; Elmira 1 - Manchester 0 |
| TOP OF THE 2ND |
|
Elmira Pioneers batting - Pitching for Manchester Fisher Cats : RHP Allen Morlock
|
|
Batting: LHB German Barranca
|
0-0: Ball 1-0: Foul Ball, location: 2F 1-1: Foul Ball, location: 2F 1-2: Ball 2-2: Ground out 6-3 (Groundball, 6, EV 107.5 MPH)
|
|
Batting: LHB Russell Cain
|
0-0: Called Strike 0-1: Ball 1-1: Swinging Strike 1-2: Foul Ball, location: 2F 1-2: Strikes out swinging
|
|
Batting: RHB Curtis Cannedy
|
0-0: Foul Ball, location: 2F 0-1: Fly out, F8 (Flyball, 8RD, EV 83.1 MPH)
|
| Top of the 2nd over - 0 runs, 0 hits, 0 errors, 0 left on base; Elmira 1 - Manchester 0 |
| BOTTOM OF THE 2ND |
|
Manchester Fisher Cats batting - Pitching for Elmira Pioneers : LHP Bob Patterson
|
|
Batting: RHB Joe Citari
|
0-0: Ball 1-0: Ball 2-0: Ball 3-0: Base on Balls
|
|
Batting: SHB Danny Hernandez
|
0-0: Foul Ball, location: 2F 0-1: Ball 1-1: Swinging Strike 1-2: Strikes out swinging
|
|
Batting: LHB Herbert Orensky
|
0-0: Ball 1-0: Ball 2-0: Fly out, F7 (Flyball, 7S, EV 64.4 MPH)
|
|
Batting: LHB Mel Hall
|
0-0: Ball 1-0: Ball 2-0: Fly out, F6 (Flyball, 4MD, EV 95.0 MPH)
|
| Bottom of the 2nd over - 0 runs, 0 hits, 0 errors, 1 left on base; Elmira 1 - Manchester 0 |
| TOP OF THE 3RD |
|
Elmira Pioneers batting - Pitching for Manchester Fisher Cats : RHP Allen Morlock
|
|
Batting: SHB Alan Regier
|
0-0: Called Strike 0-1: Foul Ball, location: 2F 0-2: Ball 1-2: Ball 2-2: Strikes out swinging
|
|
Batting: RHB Ron Stinnett
|
0-0: Swinging Strike 0-1: Ball 1-1: Ball 2-1: Ground out 5-3 (Groundball, 56, EV 90.6 MPH)
|
|
Batting: RHB Frank LaBella
|
0-0: Foul Ball, location: 2F 0-1: Ball 1-1: Called Strike 1-2: Ball 2-2: Strikes out swinging
|
| Top of the 3rd over - 0 runs, 0 hits, 0 errors, 0 left on base; Elmira 1 - Manchester 0 |
| BOTTOM OF THE 3RD |
|
Manchester Fisher Cats batting - Pitching for Elmira Pioneers : LHP Bob Patterson
|
|
Batting: RHB Tony Stevens
|
0-0: Ball 1-0: Ball 2-0: Ball 3-0: Foul Ball, location: 2F 3-1: Base on Balls
|
|
Batting: RHB Reymundo Estevez
|
0-0: Ball 1-0: Called Strike 1-1: Swinging Strike 1-2: Foul Ball, location: 2F 1-2: Ball 2-2: SINGLE (Groundball, 34S, EV 65.0 MPH) (infield hit) Tony Stevens to second
|
|
Batting: RHB Kevin Darst
|
0-0: Called Strike 0-1: TRIPLE (Line Drive, 89XD, EV 108.8 MPH) Tony Stevens scores Reymundo Estevez scores
|
|
Batting: LHB Tim Derryberry
|
0-0: Ball 1-0: Ball 2-0: Ball 3-0: Called Strike 3-1: Foul Ball, location: 2F 3-2: Base on Balls
|
|
Batting: SHB Stan Javier
|
0-0: Fly out, F8 (Flyball, 8RM, EV 95.0 MPH)
|
|
Batting: RHB Joe Citari
|
0-0: Called Strike 0-1: Called Strike 0-2: Ball 1-2: Fly out, F4 (Popup, 4, EV 50.6 MPH)
|
|
Batting: SHB Danny Hernandez
|
0-0: Ball 1-0: Ball 2-0: Foul Ball, location: 2F 2-1: SINGLE (Groundball, 56D, EV 106.9 MPH) Kevin Darst scores Tim Derryberry to second
|
|
Batting: LHB Herbert Orensky
|
0-0: Called Strike 0-1: Called Strike 0-2: Foul Ball, location: 2F 0-2: Strikes out looking
|
| Bottom of the 3rd over - 3 runs, 3 hits, 0 errors, 2 left on base; Elmira 1 - Manchester 3 |
| TOP OF THE 4TH |
|
Elmira Pioneers batting - Pitching for Manchester Fisher Cats : RHP Allen Morlock
|
|
Batting: LHB Juan Flores
|
0-0: Ball 1-0: SOLO HOME RUN (Flyball, 9LD, EV 88.8 MPH), Distance : 361 ft
|
|
Batting: RHB Edwin Rodriguez
|
0-0: Called Strike 0-1: Ground out 5-3 (Groundball, 56S, EV 85.6 MPH)
|
|
Batting: SHB Michael Reeder
|
0-0: Ground out 3-1 (Groundball, 34S, EV 86.9 MPH)
|
|
Batting: LHB German Barranca
|
0-0: Ground out 6-3 (Groundball, 6, EV 84.4 MPH)
|
| Top of the 4th over - 1 run, 1 hit, 0 errors, 0 left on base; Elmira 2 - Manchester 3 |
| BOTTOM OF THE 4TH |
|
Manchester Fisher Cats batting - Pitching for Elmira Pioneers : LHP Bob Patterson
|
|
Batting: LHB Mel Hall
|
0-0: SINGLE (Line Drive, 78S, EV 100.0 MPH)
|
|
Batting: RHB Tony Stevens
|
0-0: Called Strike 0-1: Ball 1-1: Foul Ball, location: 2F 1-2: Ball 2-2: Ball 3-2: Base on Balls Mel Hall to second
|
|
Batting: RHB Reymundo Estevez
|
0-0: Called Strike 0-1: Ball 1-1: Called Strike 1-2: Grounds into double play, 6-4-3 (Groundball, 6, EV 81.9 MPH) Mel Hall to third
|
|
Batting: RHB Kevin Darst
|
0-0: Ground out 3-1 (Groundball, 3S, EV 64.4 MPH)
|
| Bottom of the 4th over - 0 runs, 1 hit, 0 errors, 1 left on base; Elmira 2 - Manchester 3 |
| TOP OF THE 5TH |
|
Elmira Pioneers batting - Pitching for Manchester Fisher Cats : RHP Allen Morlock
|
|
Batting: LHB Russell Cain
|
0-0: Ball 1-0: SINGLE (Groundball, 34D, EV 97.5 MPH)
|
|
Batting: RHB Curtis Cannedy
|
0-0: Bunted foul 0-1: Sac Bunt to 3S - play at first, batter OUT! 3-1 Russell Cain to second
|
|
Batting: SHB Alan Regier
|
0-0: Ball 1-0: Ball 2-0: Ball 3-0: Base on Balls
|
|
Batting: RHB Ron Stinnett
|
0-0: Foul Ball, location: 2F 0-1: Ball 1-1: Called Strike 1-2: Ball 2-2: Ball 3-2: Foul Ball, location: 2F 3-2: Strikes out swinging
|
|
Batting: RHB Frank LaBella
|
0-0: Swinging Strike 0-1: Ball 1-1: Called Strike 1-2: SINGLE (Groundball, 34D, EV 99.4 MPH) Russell Cain to third Alan Regier to second Runner from 3rd tries for Home, SAFE, throw by RF to home
|
|
Batting: LHB Juan Flores
|
0-0: Foul Ball, location: 2F 0-1: Ball 1-1: Ball 2-1: Fielders Choice at 2nd, 5-4 (Groundball, 56, EV 83.1 MPH)
|
| Top of the 5th over - 1 run, 2 hits, 0 errors, 2 left on base; Elmira 3 - Manchester 3 |
| BOTTOM OF THE 5TH |
|
Manchester Fisher Cats batting - Pitching for Elmira Pioneers : LHP Bob Patterson
|
|
Batting: LHB Tim Derryberry
|
0-0: Ball 1-0: Foul Ball, location: 2F 1-1: Ball 2-1: Ball 3-1: Fly out, F7 (Flyball, 7, EV 91.3 MPH)
|
|
Batting: SHB Stan Javier
|
0-0: Foul Ball, location: 2F 0-1: Foul Ball, location: 2F 0-2: Foul Ball, location: 2F 0-2: Foul Ball, location: 2F 0-2: Ball 1-2: Ground out 5-3 (Groundball, 56S, EV 81.9 MPH)
|
|
Batting: RHB Joe Citari
|
0-0: Foul Ball, location: 2F 0-1: Foul Ball, location: 2F 0-2: SINGLE (Flyball, 4D, EV 83.8 MPH) - OUT at second base trying to stretch hit.
|
| Bottom of the 5th over - 0 runs, 1 hit, 0 errors, 0 left on base; Elmira 3 - Manchester 3 |
| TOP OF THE 6TH |
|
Elmira Pioneers batting - Pitching for Manchester Fisher Cats : RHP Allen Morlock
|
|
Batting: RHB Edwin Rodriguez
|
0-0: Ball 1-0: Ball 2-0: SINGLE (Groundball, 4MD, EV 81.9 MPH) (infield hit)
|
|
Batting: SHB Michael Reeder
|
0-0: Called Strike 0-1: Ball 1-1: Fly out, F7 (Flyball, 78M, EV 85.6 MPH)
|
|
Batting: LHB German Barranca
|
0-0: Ball 1-0: Foul Ball, location: 2F 1-1: Foul Ball, location: 2F 1-2: Strikes out looking
|
|
Batting: LHB Russell Cain
|
0-0: Ball 1-0: Called Strike 1-1: Ball 2-1: Foul Ball, location: 2F 2-2: Fly out, F9 (Line Drive, 9, EV 91.9 MPH)
|
| Top of the 6th over - 0 runs, 1 hit, 0 errors, 1 left on base; Elmira 3 - Manchester 3 |
| BOTTOM OF THE 6TH |
|
Manchester Fisher Cats batting - Pitching for Elmira Pioneers : LHP Bob Patterson
|
|
Batting: SHB Danny Hernandez
|
0-0: Foul Ball, location: 2F 0-1: Ball 1-1: DOUBLE (Flyball, 78XD, EV 109.4 MPH)
|
|
Batting: LHB Herbert Orensky
|
0-0: Swinging Strike 0-1: Ball 1-1: Ball 2-1: Fly out, F7 (Flyball, 7LS, EV 92.5 MPH)
|
|
Batting: LHB Mel Hall
|
0-0: Ball 1-0: Ground out 4-3 (Groundball, 4MS, EV 81.3 MPH) Danny Hernandez to third
|
|
Batting: RHB Tony Stevens
|
0-0: Ball 1-0: Swinging Strike 1-1: Ball 2-1: Called Strike 2-2: Strikes out swinging
|
| Bottom of the 6th over - 0 runs, 1 hit, 0 errors, 1 left on base; Elmira 3 - Manchester 3 |
| TOP OF THE 7TH |
|
Elmira Pioneers batting - Pitching for Manchester Fisher Cats : RHP Allen Morlock
|
|
Batting: RHB Curtis Cannedy
|
0-0: Swinging Strike 0-1: Ball 1-1: Foul Ball, location: 2F 1-2: Ground out 2-3 (Groundball, 13S, EV 63.8 MPH)
|
|
Batting: SHB Alan Regier
|
0-0: Foul Ball, location: 2F 0-1: Ground out U3 (Groundball, 3, EV 105.0 MPH)
|
|
Batting: RHB Ron Stinnett
|
0-0: Swinging Strike 0-1: Called Strike 0-2: Ground out 4-3 (Groundball, 4, EV 96.3 MPH)
|
| Top of the 7th over - 0 runs, 0 hits, 0 errors, 0 left on base; Elmira 3 - Manchester 3 |
| BOTTOM OF THE 7TH |
|
Manchester Fisher Cats batting - Pitching for Elmira Pioneers : LHP Bob Patterson
|
|
Batting: RHB Reymundo Estevez
|
0-0: Ball 1-0: Foul Ball, location: 2F 1-1: Ball 2-1: Fly out, F9 (Flyball, 9S, EV 88.8 MPH)
|
|
Batting: RHB Kevin Darst
|
0-0: Ball 1-0: Foul Ball, location: 2F 1-1: Ground out 6-3 (Groundball, 6, EV 81.9 MPH)
|
|
Batting: LHB Tim Derryberry
|
0-0: Fly out, F7 (Flyball, 7LM, EV 90.6 MPH)
|
| Bottom of the 7th over - 0 runs, 0 hits, 0 errors, 0 left on base; Elmira 3 - Manchester 3 |
| TOP OF THE 8TH |
|
Elmira Pioneers batting - Pitching for Manchester Fisher Cats : RHP Allen Morlock
|
|
Batting: RHB Frank LaBella
|
0-0: Ball 1-0: Called Strike 1-1: Ball 2-1: Swinging Strike 2-2: Foul Ball, location: 2F 2-2: Foul Ball, location: 2F 2-2: Foul Ball, location: 2F 2-2: Foul Ball, location: 2F 2-2: Strikes out looking
|
|
Pitching: RHP Stephen Marsden
|
|
|
Batting: LHB Juan Flores
|
0-0: Ball 1-0: Swinging Strike 1-1: Swinging Strike 1-2: Ball 2-2: Ball 3-2: Foul Ball, location: 2F 3-2: Strikes out swinging
|
|
Batting: RHB Edwin Rodriguez
|
0-0: Ball 1-0: Ground out U3 (Groundball, 3, EV 81.3 MPH)
|
| Top of the 8th over - 0 runs, 0 hits, 0 errors, 0 left on base; Elmira 3 - Manchester 3 |
| BOTTOM OF THE 8TH |
|
Manchester Fisher Cats batting - Pitching for Elmira Pioneers : LHP Bob Patterson
|
|
Batting: SHB Stan Javier
|
0-0: Ball 1-0: Fly out, F7 (Flyball, 78D, EV 97.5 MPH)
|
|
Batting: RHB Joe Citari
|
0-0: Fly out, F4 (Popup, 4, EV 75.6 MPH)
|
|
Batting: SHB Danny Hernandez
|
0-0: SINGLE (Groundball, 4MD, EV 96.3 MPH)
|
|
Batting: LHB Herbert Orensky
|
0-0: Foul Ball, location: 2F 0-1: Swinging Strike 0-2: Ball Danny Hernandez steals 2nd base 1-2: Ball 2-2: Fly out, F8 (Flyball, 8LM, EV 87.5 MPH)
|
| Bottom of the 8th over - 0 runs, 1 hit, 0 errors, 1 left on base; Elmira 3 - Manchester 3 |
| TOP OF THE 9TH |
|
Elmira Pioneers batting - Pitching for Manchester Fisher Cats : RHP Stephen Marsden
|
|
Pitching: RHP Chris Davis
|
|
|
Batting: SHB Michael Reeder
|
0-0: Ball 1-0: Ball 2-0: Called Strike 2-1: Fly out, F3 (Popup, 34, EV 77.5 MPH)
|
|
Batting: LHB German Barranca
|
0-0: Foul Ball, location: 2F 0-1: Called Strike 0-2: Foul Ball, location: 2F 0-2: Ball 1-2: SINGLE (Line Drive, 8RS, EV 93.8 MPH)
|
|
Pinch Hitting: LHB Neil Fiala
|
0-0: Ball 1-0: Bunt missed! 1-1: Ball 2-1: Bunted foul 2-2: Ball 3-2: Ground out 6-3 (Groundball, 56, EV 78.8 MPH) German Barranca to second
|
|
Batting: RHB Curtis Cannedy
|
0-0: Called Strike 0-1: Ball 1-1: 2-RUN HOME RUN (Flyball, 7D, EV 91.9 MPH), Distance : 358 ft
|
|
Batting: SHB Alan Regier
|
0-0: Ball 1-0: Ball 2-0: Ball 3-0: Base on Balls
|
|
Batting: RHB Ron Stinnett
|
0-0: Called Strike Alan Regier steals 2nd base 0-1: Called Strike 0-2: Foul Ball, location: 2F 0-2: Strikes out swinging
|
| Top of the 9th over - 2 runs, 2 hits, 0 errors, 1 left on base; Elmira 5 - Manchester 3 |
| BOTTOM OF THE 9TH |
|
Manchester Fisher Cats batting - Pitching for Elmira Pioneers : LHP Bob Patterson
|
|
Pitching: RHP Alejandro Gallardo
|
|
|
Now at C: Donn Koch
|
|
|
Batting: LHB Mel Hall
|
0-0: Called Strike 0-1: Ball 1-1: Ball 2-1: Ground out 4-3 (Groundball, 4M, EV 93.8 MPH)
|
|
Batting: RHB Tony Stevens
|
0-0: Called Strike 0-1: Called Strike 0-2: Ball 1-2: Ball 2-2: Ball 3-2: Ground out 5-3 (Groundball, 5, EV 95.6 MPH)
|
|
Batting: RHB Reymundo Estevez
|
0-0: Called Strike 0-1: Ball 1-1: Ball 2-1: Ball 3-1: Base on Balls
|
|
Pinch Hitting: LHB Jessie Reid
|
0-0: Ball 1-0: Foul Ball, location: 2F 1-1: Foul Ball, location: 2F 1-2: Ball 2-2: Ball 3-2: Base on Balls Reymundo Estevez to second
|
|
Batting: LHB Tim Derryberry
|
0-0: Ball 1-0: Ground out 4-3 (Groundball, 4, EV 79.4 MPH)
|
| Bottom of the 9th over - 0 runs, 0 hits, 0 errors, 2 left on base; Elmira 5 - Manchester 3 |
|